 Dungeon Crawl Stone Soup version 0.20.0-15-g7f486f2 (webtiles) character file.

105 NoAnimeNoLife the Sneak (level 4, -7/21 HPs)
             Began as a Spriggan Enchanter on June 13, 2017.
             Was an Initiate of Gozag.
             Mangled by Grinder (10 damage)
             ... while paralysed by Grinder
             ... on level 3 of the Dungeon.
             The game lasted 00:08:47 (2257 turns).

NoAnimeNoLife the Sneak (Spriggan Enchanter)        Turns: 2257, Time: 00:08:48

Health: -7/21      AC:  2    Str:  4    XL:     4   Next: 54%
Magic:  9/9        EV:  4    Int: 16    God:    Gozag
Gold:   121        SH:  0    Dex: 17    Spells: 0/8 levels left

rFire    . . .     SeeInvis +   a - +1 dagger
rCold    . . .     Gourm    .   (shield restricted)
rNeg     . . .     Faith    .   l - +0 robe (curse)
rPois    .         Spirit   .   (helmet restricted)
rElec    .         Reflect  .   (no cloak)
rCorr    .         Harm     .   (gloves unavailable)
MR       .....                  (boots unavailable)
Stlth    ++++......             (no amulet)
Regen    0.1/turn               e - +5 ring of evasion
MPRegen  0.2/turn               o - ring of wizardry

@: paralysed, very quick
A: unfitting armour, see invisible, herbivore 3, speed 3, slow metabolism 2
a: Potion Petition, Call Merchant, Bribe Branch, Renounce Religion


You were on level 3 of the Dungeon.
You worshipped Gozag.
Gozag was aware of your devotion.
You were not hungry.

You visited 1 branch of the dungeon, and saw 3 of its levels.

You collected 152 gold pieces.
You paid 31 gold pieces to Gozag.

Inventory:

Hand Weapons
 a - a +1 dagger (weapon)
Armour
 b - a +0 robe
 l - a cursed +0 robe (worn)
Jewellery
 e - a +5 ring of evasion (left hand)
 n - an uncursed ring of flight
 o - a ring of wizardry (right hand)
 u - an uncursed ring of poison resistance {unknown}
Wands
 p - a wand of disintegration (15/24)
Scrolls
 g - 4 scrolls of teleportation {unknown}
 h - a scroll of magic mapping {unknown}
 j - a scroll of identify {unknown}
 k - a scroll of enchant weapon {unknown}
 q - a scroll of noise {unknown}
Potions
 f - a potion of curing {unknown}
 m - 2 potions of ambrosia {unknown}
 s - a potion of lignification {unknown}
Books
 c - a book of Maledictions

   Spells                             Type                      Level
   a - Corona                         Hexes                        1
   b - Ensorcelled Hibernation        Hexes/Ice                    2
   c - Confuse                        Hexes                        3
   d - Tukima's Dance                 Hexes                        3
   e - Dazzling Spray                 Conjuration/Hexes            3
 r - a book of Minor Magic

   Spells                             Type                      Level
   a - Magic Dart                     Conjuration                  1
   b - Blink                          Translocation                2
   c - Call Imp                       Summoning                    2
   d - Slow                           Hexes                        2
   e - Conjure Flame                  Conjuration/Fire             3
   f - Mephitic Cloud                 Conjuration/Poison/Air       3
Comestibles
 d - a bread ration
 i - a royal jelly
 t - 6 fruits


   Skills:
 + Level 3.4 Short Blades
 - Level 3.0 Dodging
 + Level 6.6 Stealth
 - Level 2.6 Spellcasting
 - Level 3.7 Hexes


You couldn't memorise any spells.
You knew the following spells:

 Your Spells              Type           Power        Failure   Level  Hunger
a - Corona                Hex            ##.....      1%          1    #......
b - Ensorcelled Hibernat  Hex/Ice        #.....       6%          2    ##.....
c - Confuse               Hex            ##......     5%          3    ###....
d - Blink                 Tloc           N/A          12%         2    ##.....


Dungeon Overview and Level Annotations

Branches:
Dungeon (3/15)

Altars:
Fedhas
Gozag
Trog

Annotations:
D:3 Grinder


Innate Abilities, Weirdness & Mutations

You are very small and have problems with some larger weapons.
You are too small for most types of armour.
You have supernaturally acute eyesight. (SInv)
You are a herbivore.
You cover ground extremely quickly.
You need consume almost no food.


Message History

HP restored.
You now have 121 gold pieces (gained 6).
Things that are here:
a short sword; 3 stones Grinder comes into view.
Found 15 stones.
Grinder is nearby!
Found 12 gold pieces.
Found 9 gold pieces.
Grinder shouts!
Grinder gestures at you.
You suddenly lose the ability to move!
Grinder hits you!
You writhe in agony.
* * * LOW HITPOINT WARNING * * *
Grinder says, "Don't move a muscle."
Grinder hits you.
* * * LOW HITPOINT WARNING * * *
Grinder hits you!
You die...
Your body crumbles into a pile of gold.

###### #...##
....$. ....... .
.$....####.....#.#
#.......#..##.#.#
#...............
#..............
#....5..#.#..# ..
#.....@...#..##....
######.###.......#
##.##.)....#...
#..##.##.#.#
##...#.##.# .(
#.[...<.#.# #..
#...###...(# . #..#
#.##.# #.##.#


You could see Grinder.

Vanquished Creatures
  A gnoll (D:1)
  2 adders (D:2)
  2 oozes
  2 worms (D:2)
  3 dart slugs
  3 leopard geckos
  4 giant cockroaches
  10 goblins
  3 hobgoblins (D:2)
  5 jackals
  5 kobolds
  2 ball pythons
  7 bats
  3 frilled lizards (D:2)
  3 rats (D:1)
55 creatures vanquished.

Notes
Turn   | Place    | Note
-------+----------+-------------------------------------------
     0 | D:1      | NoAnimeNoLife the Spriggan Enchanter began the quest for the Orb.
     0 | D:1      | Reached XP level 1. HP: 9/9 MP: 5/5
   311 | D:1      | Reached XP level 2. HP: 8/13 MP: 6/6
   745 | D:1      | Reached skill level 5 in Stealth
  1194 | D:1      | Reached XP level 3. HP: 16/16 MP: 8/8
  1300 | D:1      | Learned a level 2 spell: Ensorcelled Hibernation
  1304 | D:1      | Learned a level 3 spell: Confuse
  1573 | D:2      | Reached skill level 6 in Stealth
  1687 | D:2      | Reached XP level 4. HP: 17/21 MP: 9/9
  1743 | D:2      | Learned a level 2 spell: Blink
  1892 | D:2      | Found a blossoming altar of Fedhas.
  2005 | D:2      | Found an opulent altar of Gozag.
  2006 | D:2      | Found a bloodstained altar of Trog.
  2012 | D:2      | Became a worshipper of Gozag Ym Sagoz the Greedy
  2249 | D:3      | Noticed Grinder
  2254 | D:3      | Paralysed by Grinder for 6 turns
  2257 | D:3      | Mangled by Grinder

Skill      XL: |  1  2  3 |
---------------+----------+-----
Short Blades   | 2 3 |  3.4
Stealth        | 5 6 |  6.6
Dodging        | |  3.0
Spellcasting   | |  2.6
Hexes          | |  3.7

Action                   |  1- 3 |  4- 6 || total
-------------------------+-------+-------++-------
Melee: Dagger            |   145 |    95 ||   240
 Cast: Ensorcelled Hiber |     2 |     1 ||     3
 Stab: Sleeping          |    13 |     3 ||    16
Armor: Robe              |     6 |    11 ||    17
Dodge: Dodged            |   145 |   105 ||   250
